[Event "ICCopen2017"]
[Site "Internet Chess Club"]
[Date "2017.04.02"]
[Round "1"]
[White "dynamo"]
[Black "BlueGreen"]
[Result "0-1"]
[ICCResult "White resigns"]
[WhiteElo "1763"]
[BlackElo "2721"]
[Opening "Giuoco Pianissimo"]
[ECO "C55"]
[NIC "IG.01"]
[Time "19:04:01"]
[TimeControl "180+0"]

1. e4 e5 2. Nf3 Nc6 3. Bc4 Nf6 4. d3 Bc5 5. O-O O-O 6. h3 d6 7. c3 a6 8. a4
h6 9. Qe2 Re8 10. b4 Ba7 11. Be3 Bxe3 12. Qxe3 d5 13. exd5 Nxd5 14. Bxd5
Qxd5 15. Re1 Bf5 16. Rd1 Rad8 17. Ne1 Bg6 18. Na3 f5 19. Rd2 f4 20. Qe2 e4
21. d4 f3 22. Qc4 fxg2 23. Qxd5+ Rxd5 24. Kxg2 e3 25. Re2 Be4+ 26. f3 Rg5+
27. Kh2 Bf5 28. Ng2 Rh5 29. Nf4 Rh4 30. Kg3 g5 31. Nd5 Rxh3+ 32. Kg2 Rf8 33.
Rxe3 g4 34. fxg4 Rxe3 35. Nxe3 Be4+ 36. Kg1 Ne7 37. Rf1 Re8 38. Nac4 Ng6 39.
Ne5 Nxe5 40. dxe5 Rxe5 41. Nf5 h5 42. Ng3 hxg4 43. Nxe4 Rxe4 44. Kg2 Re3 45.
Rc1 g3 46. c4 Kf7 47. b5 a5 48. c5 Ke6 49. c6 b6 50. Rd1 Ra3 51. Rd7 Rxa4
52. Rxc7 Rb4 53. Kxg3 Rxb5 54. Rd7 Rc5 55. Rc7 Kd6 56. Rc8 Rxc6 {White
resigns} 0-1

[Event "ICCopen2017"]
[Site "Internet Chess Club"]
[Date "2017.04.02"]
[Round "1"]
[White "thedudeabides"]
[Black "mvillalba"]
[Result "0-1"]
[ICCResult "White checkmated"]
[WhiteElo "1527"]
[BlackElo "2181"]
[Opening "Pirc: Byrne variation"]
[ECO "B07"]
[NIC "PU.09"]
[Time "19:04:28"]
[TimeControl "180+0"]

1. e4 d6 2. d4 Nf6 3. Nc3 g6 4. Bg5 Bg7 5. f3 O-O 6. Qd2 c6 7. O-O-O b5 8.
h4 a5 9. h5 b4 10. Nce2 Ba6 11. Kb1 Nbd7 12. Bh6 Bxh6 13. Qxh6 a4 14. g4
Bxe2 15. Nxe2 e5 16. hxg6 fxg6 17. g5 Rf7 18. gxf6 Qxf6 19. Bh3 Nb6 20. Rdf1
exd4 21. f4 a3 22. f5 d3 23. fxg6 Qxb2# {White checkmated} 0-1

[Event "ICCopen2017"]
[Site "Internet Chess Club"]
[Date "2017.04.02"]
[Round "1"]
[White "bythebook"]
[Black "Harmony1957"]
[Result "0-1"]
[ICCResult "White resigns"]
[WhiteElo "1580"]
[BlackElo "2258"]
[Opening "Sicilian: Canal-Sokolsky (Nimzovich-Rossolimo, Moscow) attack"]
[ECO "B51"]
[NIC "SI.01"]
[Time "19:04:37"]
[TimeControl "180+0"]

1. e4 c5 2. Nf3 d6 3. Bb5+ Nd7 4. c3 a6 5. Bd3 Ngf6 6. Qe2 b5 7. Bc2 e5 8.
d4 Be7 9. O-O O-O 10. Rd1 Qc7 11. Bg5 Bb7 12. Bd3 Rfe8 13. Nbd2 cxd4 14.
cxd4 exd4 15. Nxd4 Bf8 16. Rac1 Qb6 17. Be3 Qd8 18. f3 d5 19. Nc6 Bxc6 20.
Rxc6 Ne5 21. Bb6 Qxb6+ 22. Rxb6 Bc5+ 23. Kh1 Bxb6 24. exd5 Neg4 25. Ne4 Nxe4
26. fxe4 Nf2+ 27. Kg1 Nxd1+ 28. Kf1 Ne3+ 29. Ke1 Rac8 30. Kd2 Nxd5
{White resigns}
0-1

[Event "ICCopen2017"]
[Site "Internet Chess Club"]
[Date "2017.04.02"]
[Round "1"]
[White "ElTopo"]
[Black "Jude"]
[Result "0-1"]
[ICCResult "White forfeits on time"]
[WhiteElo "1345"]
[BlackElo "1928"]
[Opening "Sicilian: Scheveningen, classical, Nd7 system"]
[ECO "B84"]
[NIC "SI.23"]
[Time "19:04:49"]
[TimeControl "180+0"]

1. e4 c5 2. Nf3 d6 3. d4 cxd4 4. Nxd4 Nf6 5. Nc3 a6 6. Be2 e6 7. O-O Nbd7 8.
f4 b5 9. a3 Bb7 10. Bf3 Rc8 11. Be3 Be7 12. Qe2 O-O 13. Rad1 Rxc3
{White forfeits on time}
0-1

[Event "ICCopen2017"]
[Site "Internet Chess Club"]
[Date "2017.04.02"]
[Round "1"]
[White "Saniser"]
[Black "MisticKnights13"]
[Result "1-0"]
[ICCResult "Black resigns"]
[WhiteElo "2193"]
[BlackElo "1543"]
[Opening "French: Paulsen variation"]
[ECO "C10"]
[NIC "FR.04"]
[Time "19:03:53"]
[TimeControl "180+0"]

1. e4 e6 2. d4 d5 3. Nc3 Nc6 4. e5 f6 5. Bb5 fxe5 6. Qh5+ g6 7. Qxe5 Qf6 8.
Qxc7 Bd7 9. Nf3 Bb4 10. Bg5 Qf7 11. O-O Nf6 12. Bxf6 Qxf6 13. Ne5 Qd8 14.
Qxb7 Bxc3 15. Nxc6 Qc8 16. Qxc8+ Rxc8 17. Nxa7 Ra8 18. Bxd7+ Kxd7 19. bxc3
Rxa7 20. Rfb1 Rha8 21. g3 Kc7 22. Re1 Kd6 23. Re3 Rxa2 24. Rxa2 Rxa2 25. Re2
Ra3 26. Re3 Ra2 27. Kg2 Rxc2 28. h4 Rb2 29. g4 Rb7 30. Kg3 Rf7 31. f4 h6 32.
Re1 Rc7 33. Re3 h5 34. gxh5 gxh5 35. f5 Rg7+ 36. Kf4 Rf7 37. Re5 exf5 38.
Rxf5 Re7 39. Rxh5 Re4+ 40. Kf5 Re3 41. Rh6+ Kd7 42. h5 Rxc3 43. Ke5 Rg3 44.
Kxd5 Rg5+ 45. Kc4 Kc7 46. d5 Kd7 47. Kc5 Kc7 48. Rh7+ Kd8 49. Kd6 Rg8 50.
Ra7 {Black resigns} 1-0

[Event "ICCopen2017"]
[Site "Internet Chess Club"]
[Date "2017.04.02"]
[Round "1"]
[White "Revolutions"]
[Black "fredx"]
[Result "1-0"]
[ICCResult "Black forfeits on time"]
[WhiteElo "1831"]
[BlackElo "1029"]
[Opening "QGA, 4.Nc3"]
[ECO "D24"]
[NIC "QG.05"]
[Time "19:04:17"]
[TimeControl "180+0"]

1. d4 d5 2. c4 dxc4 3. Nf3 Nf6 4. Nc3 e6 5. g3 c5 6. Bg2 cxd4 7. Nxd4 Nc6 8.
Nxc6 bxc6 9. Bxc6+ Bd7 10. Bg2 Rb8 11. Bf4 Rxb2 12. O-O Be7 13. Be5 Rb6 14.
a4 a5 15. Bd4 Rb8 16. Nb5 O-O 17. Be5 Rb6 18. Bc7 Qc8 19. Bxb6 c3 20. Qc2
Bxb5 21. axb5 Bc5 22. Bxa5 Bd4 23. e3 Be5 24. Bb4 Re8 25. b6 Qb8 26. b7 Rd8
27. Ra8 {Black forfeits on time} 1-0

[Event "ICCopen2017"]
[Site "Internet Chess Club"]
[Date "2017.04.02"]
[Round "1"]
[White "SPARNALIQ"]
[Black "refid"]
[Result "1-0"]
[ICCResult "Black checkmated"]
[WhiteElo "3031"]
[BlackElo "1814"]
[Opening "Sicilian: closed, 2...Nc6"]
[ECO "B23"]
[NIC "SI.44"]
[Time "19:03:33"]
[TimeControl "180+0"]

1. e4 c5 2. Nc3 Nc6 3. Nf3 e6 4. Bb5 Nd4 5. O-O Nxb5 6. Nxb5 a6 7. Nc3 d6 8.
d4 cxd4 9. Nxd4 Nf6 10. b3 Be7 11. a4 O-O 12. Bb2 Qc7 13. Qf3 b6 14. Rad1
Bb7 15. Rfe1 Rfe8 16. Qg3 Bf8 17. Rd3 Rac8 18. Rf3 Nd7 19. Nd5 exd5 20. Nf5
Ne5 21. Bxe5 Rxe5 22. Nh6+ Kh8 23. Nxf7+ Kg8 24. Nh6+ Kh8 25. Nf7+ Kg8 26.
Nxe5 dxe5 27. exd5 Bxd5 28. Rfe3 Re8 29. Rxe5 Rxe5 30. Qxe5 Qxe5 31. Rxe5
Bf7 32. h3 a5 33. Kf1 Bc5 34. Ke2 g6 35. f4 Kg7 36. Kd3 Kf6 37. g4 Bd6 38.
Rb5 Bc7 39. c4 Be8 40. Rd5 Bc6 41. Rd4 Ke6 42. Ke3 Bd6 43. Rd2 Bc5+ 44. Kd3
h5 45. Re2+ Kf6 46. Re5 hxg4 47. hxg4 Bf3 48. g5+ Kf7 49. f5 Bg4 50. f6 Bd7
51. Ke4 Bc6+ 52. Kd3 Bd7 53. Ke2 Bc6 54. Kd2 Bd7 55. Kd3 Bc6 56. Re1 Bd7 57.
Rh1 Bf5+ 58. Kc3 Bb4+ 59. Kb2 Bd2 60. Rh7+ Kg8 61. Rg7+ Kf8 62. Rb7 Be3 63.
b4 axb4 64. Kb3 Bc5 65. a5 bxa5 66. Rb5 Be3 67. Rxa5 Bxg5 68. Ra6 Kf7 69. c5
Bxf6 70. Kxb4 Be7 71. Ra7 Kf6 72. Kb5 Bxc5 73. Kxc5 Ke5 74. Re7+ Kf4 75. Kd4
g5 76. Re1 g4 77. Rf1+ Kg3 78. Rxf5 Kh2 79. Ke3 g3 80. Kf3 g2 81. Rh5+ Kg1
82. Rg5 Kf1 83. Rxg2 Ke1 84. Ke3 Kd1 85. Kd3 Ke1 86. Ke3 Kf1 87. Rd2 Ke1 88.
Rd4 Kf1 89. Rg4 Ke1 90. Rg1# {Black checkmated} 1-0

[Event "ICCopen2017"]
[Site "Internet Chess Club"]
[Date "2017.04.02"]
[Round "1"]
[White "aplusk"]
[Black "Svinotigr"]
[Result "1-0"]
[ICCResult "Black resigns"]
[WhiteElo "2671"]
[BlackElo "1744"]
[Opening "Queen's Pawn"]
[ECO "B07"]
[NIC "QO.17"]
[Time "19:03:51"]
[TimeControl "180+0"]

1. d4 d6 2. e4 Nd7 3. c3 e5 4. Bd3 g6 5. Nf3 Bg7 6. O-O Qe7 7. Re1 Ngf6 8.
a4 a5 9. Bg5 h5 10. Na3 Nf8 11. dxe5 dxe5 12. Nc4 N8h7 13. Bh4 Bg4 14. h3
Bxf3 15. Qxf3 O-O 16. Ne3 c6 17. Red1 Qc5 18. Bc4 Rad8 19. g4 Rxd1+ 20. Rxd1
b5 21. axb5 cxb5 22. Ba2 b4 23. Nd5 Nxd5 24. Rxd5 Qc7 25. gxh5 gxh5 26. Kg2
bxc3 27. Qxc3 Qxc3 28. bxc3 Rc8 29. Rd7 Rxc3 30. Bxf7+ Kf8 31. Bg6 Nf6 32.
Bxf6 {Black resigns} 1-0

[Event "ICCopen2017"]
[Site "Internet Chess Club"]
[Date "2017.04.02"]
[Round "1"]
[White "Spirals"]
[Black "Mandragora"]
[Result "1-0"]
[ICCResult "Black resigns"]
[WhiteElo "2178"]
[BlackElo "1526"]
[Opening "Sicilian: closed"]
[ECO "B23"]
[NIC "SI.44"]
[Time "19:03:27"]
[TimeControl "180+0"]

1. e4 c5 2. Nc3 b6 3. g3 Bb7 4. Bg2 Nc6 5. Nf3 e6 6. O-O d6 7. d4 cxd4 8.
Nxd4 Nxd4 9. Qxd4 Nf6 10. Rd1 Rc8 11. e5 Bxg2 12. exf6 e5 13. fxg7 Bxg7 14.
Qg4 Rg8 15. Kxg2 Qc7 16. Qa4+ Kf8 17. Be3 f5 18. f4 Bf6 19. Nd5 Qb7 20. c4
exf4 21. Bxf4 Be5 22. Bxe5 dxe5 23. Rf1 f4 24. Rae1 Rg6 25. Rxe5 Kg8 26.
Rxf4 Qd7 27. Qxd7 {Black resigns} 1-0

[Event "ICCopen2017"]
[Site "Internet Chess Club"]
[Date "2017.04.02"]
[Round "1"]
[White "Shadeath"]
[Black "CapitanCentella"]
[Result "1-0"]
[ICCResult "Black resigns"]
[WhiteElo "2748"]
[BlackElo "1774"]
[Opening "English: symmetrical variation"]
[ECO "A30"]
[NIC "EO.64"]
[Time "19:04:12"]
[TimeControl "180+0"]

1. c4 c5 2. b3 Nc6 3. Bb2 d6 4. g3 Nf6 5. Bg2 g6 6. Nh3 Bg7 7. O-O O-O 8.
Nf4 e5 9. Nd5 Nxd5 10. Bxd5 Ne7 11. Bg2 Rb8 12. Nc3 Bd7 13. f4 f5 14. d3 Bc6
15. Nd5 Bxd5 16. cxd5 b5 17. Qd2 Qb6 18. Kh1 a5 19. Rae1 a4 20. e4 axb3 21.
axb3 c4 22. fxe5 dxe5 23. exf5 Nxf5 24. bxc4 bxc4 25. Ba3 Rfe8 26. dxc4 Ra8
27. c5 Qb3 28. Rf3 Qc4 29. Qb4 Ra4 30. Qxc4 Rxc4 31. d6 Rd8 32. Rxf5 gxf5
33. Bd5+ Kf8 34. Bxc4 e4 35. c6 Be5 36. d7+ Kg7 37. Be7 {Black resigns} 1-0

[Event "ICCopen2017"]
[Site "Internet Chess Club"]
[Date "2017.04.02"]
[Round "1"]
[White "Ajolote"]
[Black "alejandrorios"]
[Result "0-1"]
[ICCResult "White forfeits on time"]
[WhiteElo "1445"]
[BlackElo "2041"]
[Opening "Sicilian: closed"]
[ECO "B23"]
[NIC "SI.44"]
[Time "19:03:24"]
[TimeControl "180+0"]

1. e4 c5 2. Nc3 d6 3. g3 Nf6 4. Bg2 e6 5. d3 Be7 6. Nge2 O-O 7. O-O Nc6 8.
f4 Rb8 9. h3 Qc7 10. g4 b5 11. Ng3 b4 12. Nce2 Re8 13. f5 Ne5 14. Bf4 Nfd7
15. g5 g6 16. h4 Bf8 17. Qd2 Bb7 18. h5 exf5 19. exf5 Bxg2 20. Kxg2 Qc6+ 21.
Kh3 Nf3 22. Rxf3 Qxf3 23. Rf1 Qd5 24. fxg6 fxg6 25. hxg6 hxg6 26. c4 Qe6+
27. Kg2 Re7 28. Ne4 Rf7 29. N2g3 Re8 30. Re1 d5 31. Nf6+ Rxf6 32. Rxe6 Rfxe6
33. Kh3 d4 34. Ne4 Bg7 35. Qd1 Rf8 36. Qg4 Rf5 37. Bd6 Kf7 38. Bc7 Kg8 39.
Kg3 Ne5 40. Bxe5 Bxe5+ 41. Kh3 Bg7 42. Nxc5 Re3+ 43. Kg2 Rxc5 44. Qf4 Rf5
45. Qb8+ Bf8 46. Qxa7 Rxg5+ 47. Kf2 Rf5+ 48. Kg2 Bg7 49. Qb8+ Kh7 50. Qh2+
Rh5 51. Qc7 Rxd3 52. Kf1 Rd2 53. Ke1 Rxb2 {White forfeits on time} 0-1

[Event "ICCopen2017"]
[Site "Internet Chess Club"]
[Date "2017.04.02"]
[Round "1"]
[White "carpedef"]
[Black "Siryk"]
[Result "0-1"]
[ICCResult "White forfeits on time"]
[WhiteElo "1782"]
[BlackElo "2816"]
[Opening "Sicilian"]
[ECO "B50"]
[NIC "SI.01"]
[Time "19:03:28"]
[TimeControl "180+0"]

1. e4 c5 2. Nf3 d6 3. d3 Nf6 4. g3 g6 5. Bg2 Bg7 6. O-O Nc6 7. c3 O-O 8. Re1
e5 9. d4 exd4 10. cxd4 Bg4 11. d5 Nd4 12. Nbd2 Re8 13. h3 Nxf3+ 14. Nxf3
Bxf3 15. Qxf3 Nxd5 16. Bg5 Qxg5 17. exd5 Bxb2 18. Rxe8+ Rxe8 19. Rb1 b6 20.
Kh2 Bd4 21. Rd1 Kg7 22. h4 Qf6 23. Rd2 Qxf3 24. Bxf3 Re1 25. Kg2 f5 26. h5
Kf6 27. hxg6 hxg6 28. Rc2 Rb1 29. g4 Rb2 30. Rxb2 Bxb2 31. gxf5 gxf5 32. Kf1
Ke5 33. Ke2 Kd4 34. Kd2 Bc3+ 35. Ke2 c4 36. Bg2 b5 37. Bh3 Kxd5 38. Bxf5 a5
39. Kd1 b4 40. Kc2 Bd4 41. f3 Kc5 42. Be6 Be5 43. Bf7 d5 44. Bg8 d4 45. Bh7
a4 46. Bg8 b3+ 47. axb3 axb3+ 48. Kb2 d3+ 49. Kc1 Kb4 50. Bd5 Kc3 51. Kb1 d2
{White forfeits on time}
0-1

[Event "ICCopen2017"]
[Site "Internet Chess Club"]
[Date "2017.04.02"]
[Round "1"]
[White "Chamanx"]
[Black "yijiqishi"]
[Result "0-1"]
[ICCResult "White forfeits on time"]
[WhiteElo "1362"]
[BlackElo "1938"]
[Opening "Sicilian: Boleslavsky variation"]
[ECO "B58"]
[NIC "SI.25"]
[Time "19:03:24"]
[TimeControl "180+0"]

1. e4 c5 2. Nf3 d6 3. d4 cxd4 4. Nxd4 Nf6 5. Nc3 Nc6 6. Be2 e5 7. Nf3 h6 8.
O-O Be7 9. Be3 O-O 10. h3 Be6 11. Qd2 Rc8 12. Bd3 a6 13. Ne2 b5 14. Ng3 Na5
15. Bxh6 gxh6 16. Qxh6 Re8 17. Ng5 Bf8 18. Qh4 Bg7 19. Nh5 Nxh5 20. Qxh5 Qf6
21. Qh7+ Kf8 22. Nxe6+ Rxe6 23. f4 exf4 24. g3 Qd4+ 25. Kh1 Rh6 26. Qf5 Rc5
27. Qxf4 Rxh3+ 28. Kg2 Rc7 29. Kxh3 Be5 30. Qh6+ Bg7 31. Qf4 Nc6 32. Rf2 Ne5
33. Raf1 Re7 34. Qf5 Qc5 35. g4 Qc7 36. g5 Kg8 37. Rf4 Ng6 38. R4f2 Re5 39.
Qg4 Qe7 40. Rxf7 Qxf7 41. Qc8+ Qe8 42. Qxe8+ Rxe8 43. e5 Nxe5 44. Re1 Kf7
45. g6+ Kf6 46. Rf1+ Ke7 47. c4 bxc4 48. Bxc4 Rf8 49. Rxf8 Bxf8 50. Bxa6 Bg7
{White forfeits on time}
0-1

[Event "ICCopen2017"]
[Site "Internet Chess Club"]
[Date "2017.04.02"]
[Round "1"]
[White "Jesus"]
[Black "krankenstein"]
[Result "1-0"]
[ICCResult "Black forfeits on time"]
[WhiteElo "1860"]
[BlackElo "1217"]
[Opening "Philidor: exchange variation"]
[ECO "C41"]
[NIC "KP.08"]
[Time "19:03:40"]
[TimeControl "180+0"]

1. e4 e5 2. Nf3 d6 3. d4 exd4 4. c3 dxc3 5. Nxc3 a6 6. Bc4 h6 7. O-O Nc6 8.
e5 dxe5 9. Qe2 Be6 10. Bxe6 fxe6 11. Nxe5 Nxe5 12. Qxe5 Qf6 13. Qxc7 Rd8 14.
Bf4 Ne7 15. Be5 Qf5 16. Rad1 Nd5 17. Nxd5 exd5 18. Rfe1 Be7 19. Bd6 O-O 20.
Bxe7 Qxf2+ 21. Kh1 Rc8 22. Qg3 Qxg3 23. hxg3 Rfe8 24. Bd6 Red8 25. Be5 Rd7
26. Bc3 b5 27. Rd4 Rc4 28. Red1 Rxd4 29. Rxd4 Rf7 30. Rxd5 Rf1+ 31. Kh2 Rf2
32. g4 Kh7 33. Kg3 Rf7 34. Rd6 {Black forfeits on time} 1-0

[Event "ICCopen2017"]
[Site "Internet Chess Club"]
[Date "2017.04.02"]
[Round "1"]
[White "kamalchandran"]
[Black "saya"]
[Result "0-1"]
[ICCResult "White resigns"]
[WhiteElo "1775"]
[BlackElo "2794"]
[Opening "Sicilian"]
[ECO "B50"]
[NIC "SI.01"]
[Time "19:04:32"]
[TimeControl "180+0"]

1. e4 c5 2. Nf3 d6 3. g3 g6 4. Bg2 Bg7 5. O-O Nc6 6. Nc3 a6 7. d3 Nf6 8. h3
O-O 9. Be3 Rb8 10. Qd2 Re8 11. Bh6 Bh8 12. Ng5 b5 13. f4 b4 14. Ne2 Nd7 15.
g4 Bxb2 16. Rab1 Bh8 17. f5 Nde5 18. fxg6 hxg6 19. Nxf7 Nxf7 20. Rxf7 Kxf7
21. Rf1+ Bf6 22. g5 Rg8 23. e5 Nxe5 24. gxf6 e6 25. d4 cxd4 26. Nxd4 Bd7 27.
Bg7 Qb6 28. Kh1 Qc5 29. Be4 Rh8 30. Bxh8 Rxh8 31. Rf3 Nxf3 32. Nxf3 Rxh3+
33. Kg2 Rh5 34. Bxg6+ Kxg6 35. Qd3+ Kf7 36. Qe4 Bc6 37. Qg4 Rg5 {White
resigns} 0-1

[Event "ICCopen2017"]
[Site "Internet Chess Club"]
[Date "2017.04.02"]
[Round "1"]
[White "F83"]
[Black "wmanthony"]
[Result "1-0"]
[ICCResult "Black forfeits on time"]
[WhiteElo "1926"]
[BlackElo "1329"]
[Opening "Philidor: exchange variation"]
[ECO "C41"]
[NIC "KP.08"]
[Time "19:03:30"]
[TimeControl "180+0"]

1. e4 e5 2. Nf3 d6 3. d4 exd4 4. Nxd4 Nf6 5. Nc3 Be7 6. Bg5 O-O 7. Qd2 c5 8.
Ndb5 a6 9. Bxf6 axb5 10. Bxe7 Qxe7 11. Bxb5 Nc6 12. O-O Nd4 13. Bc4 Be6 14.
Bxe6 fxe6 15. Nd1 Qf6 16. c3 Nf3+ 17. gxf3 Qxf3 18. Qe3 Qh5 19. f4 Rf6 20.
Rf2 Raf8 21. Qf3 Qf7 22. Qg3 Rg6 23. Ne3 Rxg3+ 24. hxg3 g5 25. f5 exf5 26.
Nxf5 Qe6 27. Re1 Rf6 28. Kg2 d5 29. Rfe2 dxe4 30. Ne7+ {Black forfeits on
time} 1-0

[Event "ICCopen2017"]
[Site "Internet Chess Club"]
[Date "2017.04.02"]
[Round "1"]
[White "sanka"]
[Black "eltigrecu"]
[Result "0-1"]
[ICCResult "White forfeits on time"]
[WhiteElo "1336"]
[BlackElo "1926"]
[Opening "Sicilian defense"]
[ECO "B30"]
[NIC "SI.31"]
[Time "19:03:24"]
[TimeControl "180+0"]

1. e4 c5 2. Nf3 Nc6 3. c3 d5 4. exd5 Qxd5 5. d4 Bg4 6. Be3 cxd4 7. cxd4 Bxf3
8. Qxf3 Qxf3 9. gxf3 e6 10. Nc3 Bb4 11. Bb5 Ne7 12. O-O-O O-O 13. Kb1 a6 14.
Bd3 Rfd8 15. Rhg1 g6 16. Bg5 Rd7 17. h4 Rxd4 18. h5 Rad8 19. Kc2 Bc5 20.
hxg6 Nb4+ 21. Kb3 Nxd3 22. gxh7+ Kxh7 23. Bf6 Rb4+ 24. Ka3 Rxb2+ 25. Ka4
Rb4+ 26. Ka3 Rf4+ 27. Kb3 Rxf6 28. Ne4 Rxf3 29. Rh1+ Kg6 30. Rdg1+ Kf5 31.
Ng3+ Ke5 32. Rh5+ f5 {White forfeits on time} 0-1

[Event "ICCopen2017"]
[Site "Internet Chess Club"]
[Date "2017.04.02"]
[Round "1"]
[White "Sertoespj"]
[Black "Jaburu"]
[Result "1-0"]
[ICCResult "Black resigns"]
[WhiteElo "2192"]
[BlackElo "1538"]
[Opening "King's Indian: fianchetto without c4"]
[ECO "A49"]
[NIC "QP.06"]
[Time "19:04:43"]
[TimeControl "180+0"]

1. d4 Nf6 2. Nf3 g6 3. g3 Bg7 4. Bg2 O-O 5. O-O d5 6. Nbd2 c5 7. c3 Nc6 8.
e3 cxd4 9. exd4 Bg4 10. Re1 Rc8 11. h3 Bxf3 12. Nxf3 Re8 13. Bg5 Ne4 14. Bf4
Qb6 15. Qb3 Qxb3 16. axb3 a6 17. Nd2 Nxd2 18. Bxd2 e5 19. dxe5 Nxe5 20. Bxd5
Nd3 21. Rxe8+ Rxe8 22. Bxb7 Re2 23. Be3 Rxb2 24. Bxa6 Ne5 25. b4 h5 26. h4
Ng4 27. Re1 Bxc3 28. Rc1 Bxb4 29. Bd4 Rd2 30. Rc8+ Bf8 31. Bc5 Rc2 32. Rxf8+
Kg7 33. Rc8 Ne5 34. Bf8+ {Black resigns} 1-0

[Event "ICCopen2017"]
[Site "Internet Chess Club"]
[Date "2017.04.02"]
[Round "1"]
[White "Eloist"]
[Black "blackending"]
[Result "1-0"]
[ICCResult "Black resigns"]
[WhiteElo "2127"]
[BlackElo "1508"]
[Opening "Sicilian: Canal-Sokolsky attack, 3...Bd7"]
[ECO "B52"]
[NIC "SI.01"]
[Time "19:04:58"]
[TimeControl "180+0"]

1. e4 c5 2. Nf3 d6 3. Bb5+ Bd7 4. Bxd7+ Nxd7 5. O-O e6 6. Qe2 Ngf6 7. d4
cxd4 8. Nxd4 a6 9. c4 Be7 10. Nc3 O-O 11. b3 Rc8 12. Bb2 Qc7 13. Rad1 Rfd8
14. Kh1 Nb6 15. f4 d5 16. cxd5 exd5 17. e5 Ne8 18. e6 f6 19. f5 Nd6 20. Rd3
Nb5 21. Ncxb5 axb5 22. Rh3 Bc5 23. Qh5 h6 24. Qg6 Kh8 25. Nxb5 Qe7 26. Rxh6+
{Black resigns}
1-0

[Event "ICCopen2017"]
[Site "Internet Chess Club"]
[Date "2017.04.02"]
[Round "1"]
[White "johnniepaul"]
[Black "GolfPro"]
[Result "0-1"]
[ICCResult "White forfeits on time"]
[WhiteElo "1182"]
[BlackElo "1850"]
[Opening "English: symmetrical variation"]
[ECO "A38"]
[NIC "EO.27"]
[Time "19:03:21"]
[TimeControl "180+0"]

1. c4 c5 2. Nc3 Nf6 3. Nf3 Nc6 4. g3 g6 5. Bg2 Bg7 6. O-O O-O 7. e3 e6 8. d4
cxd4 9. exd4 d5 10. cxd5 Nxd5 11. Re1 Nxc3 12. bxc3 Bd7 13. Be3 Qa5 14. Qc1
Rac8 15. Bh6 Rfd8 16. Bxg7 Kxg7 17. Qf4 Qxc3 18. Rac1 Qa3 19. Ng5 Rf8 20.
Qh4 h6 21. Nf3 Qe7 22. d5 Qxh4 23. Nxh4 exd5 24. Bxd5 Rfe8 25. Nf3 Be6 26.
Bxe6 Rxe6 27. Rxe6 fxe6 28. Nd2 Ne7 29. Rxc8 Nxc8 30. Ne4 b6 31. Nc3 Nd6 32.
Kg2 Kf6 33. Kf3 Ke5 34. Ne2 a5 35. Nf4 g5 36. Ng6+ Kf6 37. Nf8 Nf5 38. Nd7+
Ke7 39. Nxb6 Nd4+ 40. Kg2 Nc6 41. Nc4 Nb4 42. Nxa5 Nxa2 43. Nc4 Nc3 44. Ne5
Nd5 45. Ng6+ Kf6 46. Nh8 Kg7 {White forfeits on time} 0-1

[Event "ICCopen2017"]
[Site "Internet Chess Club"]
[Date "2017.04.02"]
[Round "1"]
[White "CristianS"]
[Black "msenger"]
[Result "1-0"]
[ICCResult "Black forfeits on time"]
[WhiteElo "2081"]
[BlackElo "1464"]
[Opening "Sicilian"]
[ECO "B56"]
[NIC "SI.25"]
[Time "19:03:24"]
[TimeControl "180+0"]

1. e4 c5 2. Nf3 d6 3. d4 cxd4 4. Nxd4 Nf6 5. Nc3 Nc6 6. h3 e6 7. Be2 Be7 8.
O-O Bd7 9. Be3 a6 10. f4 Qc7 11. Qe1 b5 12. a3 Na5 13. Rd1 Nc4 14. Bc1 Rc8
15. Kh1 O-O 16. g4 Bc6 17. Bf3 Nb6 18. g5 Ne8 19. Nxc6 Qxc6 20. Qg3 Qc7 21.
h4 g6 22. h5 Ng7 23. h6 Ne8 24. f5 exf5 25. exf5 Bd8 26. fxg6 fxg6 27. Nd5
Qc4 28. Be3 Nd7 29. c3 Ne5 30. Bg2 Rxf1+ 31. Rxf1 Nc7 32. Nf6+ Bxf6 33. Rxf6
Ng4 34. Rxd6 Nxe3 35. Qxe3 Qh4+ 36. Kg1 Qg4 37. Qe7 Ne6 38. Rxe6 Qd1+ 39.
Re1 Qd7 40. Bd5+ Kh8 41. Qf6+ {Black forfeits on time} 1-0

[Event "ICCopen2017"]
[Site "Internet Chess Club"]
[Date "2017.04.02"]
[Round "1"]
[White "Discoverchess"]
[Black "TorelliMirco"]
[Result "1-0"]
[ICCResult "Black forfeits on time"]
[WhiteElo "2625"]
[BlackElo "1734"]
[Opening "Réti opening"]
[ECO "A11"]
[NIC "RE.07"]
[Time "19:04:15"]
[TimeControl "180+0"]

1. Nf3 d5 2. c4 c6 3. g3 Nf6 4. Bg2 e6 5. d4 Be7 6. O-O O-O 7. Qc2 Ne4 8. b3
f5 9. Bb2 Nd7 10. Ne5 Nxe5 11. dxe5 a5 12. Nd2 Bc5 13. cxd5 Nxd2 14. Qxd2
exd5 15. Rfd1 Be6 16. e3 Kh8 17. Rac1 Qe7 18. Qc2 Ba3 19. Bxa3 Qxa3 20. Rb1
h6 21. Bf1 Rfc8 22. Be2 Rab8 23. Bh5 c5 24. Bg6 Rf8 25. Rbc1 Rbc8 26. Bh5 c4
27. bxc4 Rxc4 28. Qd2 Rfc8 29. Rxc4 Rxc4 30. Bf3 Rc5 31. Qd4 b6 32. Kg2 Qxa2
33. Ra1 Qc2 34. Qh4 Rc4 35. Qd8+ Kh7 36. Bxd5 {Black forfeits on time} 1-0

[Event "ICCopen2017"]
[Site "Internet Chess Club"]
[Date "2017.04.02"]
[Round "1"]
[White "olimpus"]
[Black "DGint"]
[Result "1-0"]
[ICCResult "Black forfeits on time"]
[WhiteElo "2689"]
[BlackElo "1748"]
[Opening "Scandinavian defense"]
[ECO "B01"]
[NIC "SD.03"]
[Time "19:04:13"]
[TimeControl "180+0"]

1. e4 d5 2. exd5 Nf6 3. Nc3 Nxd5 4. g3 Nxc3 5. bxc3 Qd5 6. Qf3 Qxf3 7. Nxf3
g6 8. Bg2 Bg7 9. Rb1 O-O 10. O-O Nc6 11. Ng5 h6 12. Ne4 Bf5 13. Rxb7 Rfc8
14. Ba3 e6 15. h3 Na5 16. Rb5 Nc4 17. Bc1 Bxe4 18. Bxe4 Nd6 19. Bxa8 Nxb5
20. Bc6 Nd6 21. Ba3 Rb8 22. Bc5 Nc4 23. Bxa7 Rb2 24. a4 Nxd2 25. Rd1 Nc4 26.
Rd8+ Kh7 27. Rd7 Ne5 28. Rxc7 Nxc6 29. Rxc6 Rxc2 30. a5 Ra2 31. a6 Bxc3 32.
Rxc3 Rxa6 33. Rc7 Kg8 34. Bd4 Ra8 35. Bf6 h5 36. h4 Rb8 37. Kg2 Ra8 38. Kf3
Rb8 39. Kf4 Ra8 40. Kg5 Rb8 41. Kh6 Ra8 42. f3 Rb8 43. g4 hxg4 44. fxg4 Re8
45. Be5 f5 46. Kxg6 fxg4 47. Rh7 {Black forfeits on time} 1-0

[Event "ICCopen2017"]
[Site "Internet Chess Club"]
[Date "2017.04.02"]
[Round "1"]
[White "Cramagica"]
[Black "Seraphim"]
[Result "0-1"]
[ICCResult "White forfeits on time"]
[WhiteElo "1109"]
[BlackElo "1840"]
[Opening "English: Sicilian reversed"]
[ECO "A25"]
[NIC "EO.20"]
[Time "19:04:02"]
[TimeControl "180+0"]

1. c4 e5 2. Nc3 Nc6 3. g3 Nf6 4. Bg2 Bb4 5. e3 Bxc3 6. bxc3 O-O 7. d4 d6 8.
Ne2 Re8 9. O-O Bd7 10. Qd3 Rb8 11. Rb1 b6 12. Ba3 Na5 13. d5 Bc8 14. f4 e4
15. Qd4 Ba6 16. Rf2 Nxc4 17. Bc1 Qd7 18. h3 Na5 19. g4 Bd3 20. Rb4 c5 21.
dxc6 Nxc6 22. Qc4 Bxc4 23. Rxc4 d5 24. Ra4 Na5 25. Ra3 Nc4 26. Rb3 Qa4 27.
Ng3 Nd7 {White forfeits on time} 0-1